 Dungeon Crawl Stone Soup version 0.26-a0-812-g31a745ddcd (webtiles) character file.

Game seed: 1785873114278839594

1 sankara the Firebug (level 1, 14/14 HPs)
             Began as a Draconian Fire Elementalist on Nov 25, 2020.
             Got out of the dungeon alive.
             The game lasted 00:02:29 (54 turns).

sankara the Firebug (Draconian Fire Elementalist)     Turns: 54, Time: 00:02:30

Health: 14/14      AC:  4    Str: 10    XL:     1   Next: 16%
Magic:  3/3        EV: 12    Int: 15    God:
Gold:   4          SH:  0    Dex: 11    Spells: 3/4 levels left

rFire    . . .     SeeInvis .   (no weapon)
rCold    . . .     Faith    .   (no shield)
rNeg     . . .     Spirit   .   (armour unavailable)
rPois    .         Reflect  .   (helmet restricted)
rElec    .         Harm     .   (no cloak)
rCorr    .         Rampage  .   (no gloves)
MR       .....                  (no boots)
Stlth    ++........             (no amulet)
HPRegen  0.04/turn              (no ring)
MPRegen  0.08/turn              (no ring)

@: no status effects
A: unfitting armour, cold-blooded, AC +4
a: no special abilities


You escaped.
You visited 1 branch of the dungeon, and saw 1 of its levels.

You collected 4 gold pieces.

Inventory:

Scrolls
 a - 3 scrolls of identify {unknown}
Potions
 b - a potion of heal wounds {unknown}


   Skills:
 + Level 1.7 Dodging
 + Level 1.7 Stealth
 + Level 2.0 Spellcasting
 * Level 1.1 Conjurations
 * Level 3.0 Fire Magic


You had 3 spell levels left.
You knew the following spells:

 Your Spells              Type           Power        Failure   Level
a - Foxfire               Conj/Fire      #...         10%         1

Your spell library contained the following spells:

 Spells                   Type           Power        Failure   Level
 Conjure Flame            Conj/Fire      #.......     28%         3
 Inner Flame              Hex/Fire       #.......     34%         3
 Sticky Flame             Conj/Fire      #.......     67%         4
 Fireball                 Conj/Fire      #.........   95%         5


Dungeon Overview and Level Annotations

Branches:
Dungeon (1/15)

Altars:


Innate Abilities, Weirdness & Mutations

Your plain brown scales are hard. (AC +4)
You cannot fit into any form of body armour.
You are cold-blooded and may be slowed by cold attacks.


Message History

Welcome, sankara the Draconian Fire Elementalist.
Will you be the one to retrieve the awesome Orb of Zot from the depths?
Press ? for a list of commands and other information.
Found 4 gold pieces, 3 scrolls labelled FOWUMU MIWKUD and 6 poisoned darts.
Found a staircase leading out of the dungeon.
You now have 4 gold pieces.
There is a staircase leading out of the dungeon here.
a - 3 scrolls labelled FOWUMU MIWKUD
b - a blue potion
There is a dry fountain here.
A goblin comes into view.
A goblin is nearby!
Casting: Foxfire (safe; 10% risk of failure)
Confirm with . or Enter, or press ? or * to list all spells.
You don't know that spell.
Casting: Foxfire (safe; 10% risk of failure)
Confirm with . or Enter, or press ? or * to list all spells.
You conjure some foxfire!
The foxfire hits the goblin.
The goblin is severely wounded.
The goblin shouts!
The foxfire hits the goblin.
The goblin is almost dead.
Casting: Foxfire (safe; 10% risk of failure)
Confirm with . or Enter, or press ? or * to list all spells.
You conjure some foxfire!
The foxfire hits the goblin.
You kill the goblin!
Your foxfire dissipates!
You see here a goblin corpse.
Unknown command.
Unknown command.
You see here a goblin corpse.
Unknown command. (m)acro, (M)acro raw, keymap [(k) default, (x) level-map, (t)argeting, (c)onfirm, m(e)nu], (s)ave?
Input macro trigger key: c Input macro action:
Okay, then.
Unknown command.
Unknown command.
Unknown command.
Unknown command.
Unknown command.
Sorry, you're not good enough to have a special ability.
Sorry, you're not good enough to have a special ability.
Unknown command.
Unknown command.
Sorry, you're not good enough to have a special ability.
Sorry, you're not good enough to have a special ability.
Unknown command.
Unknown command.
Unknown command.
Unknown command.
You see here a goblin corpse.
You see here a goblin corpse.
Unknown command.
Unknown command.
Unknown command.
Unknown command.
Unknown command.
Unknown command.
You can't go up here!
Magic restored.
There is a staircase leading out of the dungeon here.
Are you sure you want to leave the Dungeon?
This will make you lose the game!
You have escaped!

###........... ..
##...##.####.## .##
#.†###...##...# ..# #.##
#.⌠.##.⌠.# ⌠.#
#.####...# ... ..
#...###.## #.# .#
#.⌠.###.####(####.####.#
#.......................
##.##..........@........
#.......................
#.⌠.###.####.####.####.#
#...# #.# #.# .# # #.###
... ... .. #. #.⌠.##.⌠.#
⌠.# # #...##...# ..#
##.####.## )..


There were no monsters in sight!

Vanquished Creatures
  A goblin (D:1)
1 creature vanquished.

Vanquished Creatures (others)
  2 foxfires (D:1)
2 creatures vanquished.

Grand Total: 3 creatures vanquished

Notes
Turn   | Place    | Note
-------+----------+-------------------------------------------
     0 | D:1      | sankara the Draconian Fire Elementalist began the quest for
                  | the Orb.
     0 | D:1      | Reached XP level 1. HP: 14/14 MP: 3/3
    54 | D:$      | Got out of the dungeon alive.

Illustrated notes

Levels and vault maps discovered:
D:1:      dpeg_arrival_chambers_temple_mockup, layout_basic, fountainhead

Action                   || total
-------------------------++-------
 Cast: Foxfire           ||     2

Table legend: (Time is in decaauts)
 A = Elapsed time spent in this place.
 B = Non-inter-level travel time spent in this place.
 C = Inter-level travel time spent in this place.
 D = Time resting spent in this place.
 E = Time spent auto-exploring this place.
 F = Levels seen in this place.
 G = Mean time per level.
                   A        B        C        D        E       F      G
               +--------+--------+--------+--------+--------+-----+--------+
         Total |     54 |     38 |     16 |      0 |     21 |   1 |   54.0 |
       Dungeon |     54 |     38 |     16 |      0 |     21 |   1 |   54.0 |
               +--------+--------+--------+--------+--------+-----+--------+

Top non-repeatable levels by time:
     D:1: 54 daAuts

Table legend:
 A = Kills in this place as a percentage of kills in entire the game.
 B = Kills by you in this place as a percentage of kills by you in the entire game.
 C = Kills by friends in this place as a percentage of kills by friends in the entire game.
 D = Other kills in this place as a percentage of other kills in the entire game.
 E = Experience gained in this place as a percentage of experience gained in the entire game.
 F = Experience gained in this place divided by the number of levels of this place that you have seen.
                   A       B       C       D       E      F
               +-------+-------+-------+-------+-------+----------------------
         Total | 100.0 | 100.0 |   N/A |   N/A | 100.0 |   2.0
       Dungeon | 100.0 | 100.0 |   N/A |   N/A | 100.0 |   2.0
               +-------+-------+-------+-------+-------+----------------------
